 Dungeon Crawl Stone Soup version 0.26.1-11-gd32895ea62 (webtiles) character file.

Game seed: 15694207110379492101

263 H0rd4k the Charlatan (level 6, -2/46 HPs)
             Began as a Human Artificer on May 18, 2021.
             Was an Initiate of Gozag.
             Killed from afar by an orc wizard (18 damage)
             ... with a puff of frost
             ... on level 4 of the Dungeon.
             The game lasted 00:04:39 (5720 turns).

H0rd4k the Charlatan (Human Artificer)              Turns: 5720, Time: 00:04:39

Health: -2/46      AC:  3    Str: 14    XL:     6   Next: 43%
Magic:  6/6        EV: 12    Int: 17    God:    Gozag
Gold:   140        SH:  5    Dex: 14    Spells: 5/5 levels left

rFire    + . .     SeeInvis .   p - +0 dagger (freeze)
rCold    x . .     Faith    .   (no shield)
rNeg     . . .     Spirit   .   b - +0 leather armour
rPois    .         Reflect  +   (no helmet)
rElec    .         Harm     +   A - scarf {harm}
rCorr    .         Rampage  .   (no gloves)
Will     .....                  (no boots)
Stlth    ++........             z - amulet of reflection
HPRegen  0.15/turn              o - ring of fire
MPRegen  0.10/turn              B - +6 ring of intelligence

@: no status effects
A: no striking features
a: Renounce Religion, Potion Petition, Call Merchant, Bribe Branch


You were on level 4 of the Dungeon.
You worshipped Gozag.
Gozag was aware of your devotion.
You visited 2 branches of the dungeon, and saw 5 of its levels.

You collected 188 gold pieces.
You paid 48 gold pieces to Gozag.

Inventory:

Hand Weapons
 p - a +0 dagger of freezing (weapon)
Missiles
 w - 4 poisoned darts (quivered)
Armour
 b - a +0 leather armour (worn)
 y - a +2 cloak
 A - a scarf of harm (worn)
Jewellery
 o - a ring of fire (left hand)
 s - an uncursed ring of stealth
 z - an amulet of reflection (around neck)
 B - a +6 ring of intelligence (right hand)
Wands
 c - a wand of flame (9)
 d - a wand of enslavement (13)
 e - a wand of random effects (15)
Scrolls
 a - 2 scrolls of amnesia {unknown}
 f - a scroll of magic mapping {unknown}
 g - a scroll of remove curse {unknown}
 i - 5 scrolls of identify {unknown}
 l - a scroll of fear {unknown}
 r - a scroll of teleportation {unknown}
 x - a scroll of random uselessness {unknown}
Potions
 h - a potion of degeneration {unknown}
 j - a potion of magic {unknown}
 k - 2 potions of curing
 m - a potion of mutation {unknown}
 n - a potion of might {unknown}
 q - 2 potions of attraction {unknown}
 t - a potion of berserk rage {unknown}
 u - 3 potions of flight {unknown}
 v - 2 potions of brilliance {unknown}


   Skills:
 + Level 2.6 Fighting
 + Level 2.5 Short Blades
 + Level 3.0 Armour
 + Level 2.5 Dodging
 + Level 1.3 Stealth
 + Level 0.3 Shields
 + Level 3.9 Evocations


You had 5 spell levels left.
You didn't know any spells.
Your spell library was empty.

Dungeon Overview and Level Annotations

Branches:
Dungeon (4/15)             Temple (1/1) D:4

Altars:
Dithmenos
Elyvilon
Gozag
Nemelex Xobeh
Okawaru
Qazlal
Xom
The Shining One


Message History

The orc wizard mumbles some strange words.
The orc wizard seems to speed up.
The orc becomes distracted by the nearby gold, dreaming of imaginary riches.
The orc shouts! x2
The orc throws a silver boomerang.
The silver boomerang hits you.
The weapon returns to the orc!
The orc wizard becomes distracted by your gold, dreaming of imaginary riches.
The orc is no longer distracted by gold.
The orc wizard is no longer distracted by gold.
The orc wizard gestures at you while chanting.
The magic dart hits you!
The orc wizard points at you and mumbles some strange words.
The magic dart hits you.
There is a stone staircase leading up here.
The orc throws a silver boomerang.
The silver boomerang hits you.
The weapon returns to the orc!
The orc wizard casts a spell at you. The puff of frost hits you!
You feel a terrible chill!
You die...
Your body crumbles into a pile of gold.

#............#..## ..#
..........#..#... ....
..........#....# ...
.........##.oo####..
..........o.oo#.#.#
..................###
.#.....##..o........#
.##.##.##.........###
........##..#...@...##
.....................#
......##..#....#.....#
......##......###.#..##
............#.###..##.##
............#..##...##.##
............(..##....##.#
....$...#......#..>.###.#
###.$..## ##..#.....###.#


You could see 3 orc wizards and 3 orcs.

Vanquished Creatures
  A bullfrog (D:2)
  An iguana (D:4)
  5 adders
  3 gnolls (D:3)
  2 worms
  A dart slug (D:1)
  3 leopard geckos (D:1)
  5 orcs
  2 giant cockroaches
  13 goblins
  5 hobgoblins
  5 jackals
  2 quokkas
  6 ball pythons (D:3)
  6 bats
  9 frilled lizards
  4 kobolds
  A leopard gecko skeleton (D:4)
  16 rats
90 creatures vanquished.

Vanquished Creatures (collateral kills)
  A jackal (D:2)
1 creature vanquished.

Vanquished Creatures (others)
  An adder (D:2)
  2 plants (D:3)
3 creatures vanquished.

Grand Total: 94 creatures vanquished

Notes
Turn   | Place    | Note
-------+----------+-------------------------------------------
     0 | D:1      | H0rd4k the Human Artificer began the quest for the Orb.
     0 | D:1      | Reached XP level 1. HP: 15/15 MP: 1/1
   246 | D:1      | Reached XP level 2. HP: 18/21 MP: 2/2
   503 | D:1      | Found a sparkling altar of Nemelex Xobeh.
  1059 | D:1      | Reached XP level 3. HP: 26/26 MP: 3/3
  1558 | D:2      | Reached skill level 1 in Short Blades
  2026 | D:2      | Reached XP level 4. HP: 31/32 MP: 4/4
  2796 | D:2      | Noticed a bullfrog
  2813 | D:2      | Killed a bullfrog
  2814 | D:2      | Reached XP level 5. HP: 15/38 MP: 5/5
  4634 | D:3      | Reached XP level 6. HP: 29/44 MP: 6/6
  5273 | D:3      | Found a shadowy altar of Dithmenos.
  5491 | D:4      | Found a staircase to the Ecumenical Temple.
  5523 | Temple   | Entered the Ecumenical Temple
  5541 | Temple   | Became a worshipper of Gozag Ym Sagoz the Greedy
  5720 | D:4      | Killed from afar by an orc wizard

Illustrated notes

Levels and vault maps discovered:
D:1:      nzn_arrival_settlement, layout_loops_ring, minmay_hexomino_r4
D:2:      layout_basic
D:3:      layout_basic, lemuel_coloured_pillars_altar, grunt_ministairs_7,
          st_stairs_4, hangedman_decor_riveting, minmay_shallow_snake_nest
D:4:      layout_cave_pools, kennysheep_mini, minmay_temple_entry_wispy
Temple:   nicolae_temple_god_jail

Skill      XL: |  1  2  3  4  5  6 |
---------------+-------------------+-----
Short Blades   | 1 2 |  2.5
Dodging        | 2 |  2.5
Fighting       | 2 |  2.6
Armour         | 3 |  3.0
Stealth        | |  1.3
Shields        | |  0.3
Evocations     | |  3.9

Action                   |  1- 3 |  4- 6 || total
-------------------------+-------+-------++-------
Melee: Dagger            |   151 |   323 ||   474
Throw: Dart              |       |     4 ||     4
Evoke: Wand              |     6 |     2 ||     8
  Use: Potion            |       |     2 ||     2
 Stab: Sleeping          |     1 |     1 ||     2
       Distracted        |       |     1 ||     1
Armor: Leather armour    |    25 |    53 ||    78
       Skin              |       |    16 ||    16
Dodge: Dodged            |    88 |   158 ||   246
Block: Other             |       |    27 ||    27
